 Dungeon Crawl Stone Soup version 0.27.0-1-g7a08968 (webtiles) character file.

Game seed: 16172043946898631647

454 Illumine the Cudgeller (level 7, -1/82 HPs)
             Began as a Formicid Wanderer on Aug 12, 2021.
             Was an Initiate of Ru.
             Slain by a troll (3 damage)
             ... on level 5 of the Dungeon.
             The game lasted 00:04:37 (3953 turns).

Illumine the Cudgeller (Formicid Wanderer)          Turns: 3953, Time: 00:04:38

Health: -1/82      AC: 23    Str: 19    XL:     7   Next: 26%
Magic:  7/7        EV:  2    Int: 10    God:    Ru [......]
Gold:   175        SH:  0    Dex: 11    Spells: 6/6 levels left

rFire    . . .     SeeInvis .   a - +0 mace
rCold    . . .     Faith    .   (no shield)
rNeg     + + +     Spirit   .   (armour currently unavailable)
rPois    +         Reflect  .   (helmet unavailable)
rElec    .         Harm     .   (cloak currently unavailable)
rCorr    .         Rampage  .   (gloves currently unavailable)
Will     .....                  (boots currently unavailable)
Stlth    ++........             (no amulet)
HPRegen  0.23/turn              (no ring)
MPRegen  0.10/turn              (no ring)

@: tree-form, attractive
A: stationary, stasis, torment immunity, boosted hp, permanent stasis, dig
shafts and tunnels, (antennae 3), four strong arms, (hooves 1), (fire resistance
1)
a: Renounce Religion


You were on level 5 of the Dungeon.
You worshipped Ru.
Ru was noncommittal.
You were a tree.
You visited 1 branch of the dungeon, and saw 5 of its levels.

You collected 175 gold pieces.

Inventory:

Hand Weapons
 a - a +0 mace (weapon)
 m - a +0 hunting sling
Missiles
 e - 27 stones
 f - 6 poisoned darts (quivered)
 g - 72 bolts
Armour
 c - a +2 scale mail
 p - a +0 plate armour (melded)
Jewellery
 t - a ring of resist corrosion
Scrolls
 h - a scroll of magic mapping {unknown}
 i - 2 scrolls of teleportation {unknown}
 l - 2 scrolls of amnesia {unknown}
 n - a scroll of brand weapon {unknown}
 q - a scroll of enchant weapon {unknown}
 r - a scroll of noise {unknown}
 s - 2 scrolls of enchant armour {unknown}
Potions
 d - 2 potions of curing
 j - a potion of attraction
 o - a potion of cancellation {unknown}


   Skills:
 + Level 4.4 Fighting
 * Level 6.4 Maces & Flails
 - Level 1.0 Throwing
 + Level 4.3 Armour
 - Level 1.2 Stealth


You had 6 spell levels left.
You didn't know any spells.
Your spell library contained the following spells:

 Spells                   Type           Power      Damage    Failure   Level
 Portal Projectile        Hex/Tloc       0%         N/A       75%         3
 Blade Hands              Tmut           0%         N/A       100%        5
 Excruciating Wounds      Necr           0%         N/A       100%        5


Dungeon Overview and Level Annotations

Branches:
Dungeon (5/15)
 Temple: D:4-7

Altars:
Ru
Xom

Shops:
D:3 (   D:4 [

Annotations:
D:2 Sigmund
D:4 Menkaure


Innate Abilities, Weirdness & Mutations

You are a tree.
Your roots penetrate the ground, keeping you stationary.
You cannot be teleported.
You are immune to unholy pain and torment.
Your maximum health is greatly increased.
Your equipment is partially melded.
You cannot be hasted, slowed, berserked, paralysed or teleported.
You can dig through walls and to a lower floor.
((You have a pair of large antennae on your head. (SInv)))
Your four strong arms can wield two-handed weapons with a shield.
((You have large cloven feet.))
((Your flesh is heat resistant. (rF+)))


Message History

The troll claws you!
You barely miss the troll.
The troll is heavily wounded.
The troll bites you! The troll claws you.
The troll claws you but does no damage.
You hit the troll.
The troll is heavily wounded.
The troll bites you but does no damage.
The troll claws you but does no damage. x2
You hit the troll.
The troll is heavily wounded.
The troll bites you. The troll completely misses you.
The troll claws you but does no damage.
You hit the troll.
The troll is heavily wounded.
The troll completely misses you. The troll claws you. The troll claws you!
You hit the troll.
The troll is heavily wounded.
The troll bites you but does no damage. The troll claws you!
* * * LOW HITPOINT WARNING * * *
The troll claws you but does no damage.
You completely miss the troll.
The troll is heavily wounded.
The troll bites you but does no damage. The troll claws you.
* * * LOW HITPOINT WARNING * * *
The troll claws you but does no damage.
You thump the troll!
The troll is severely wounded.
The troll bites you.
* * * LOW HITPOINT WARNING * * *
The troll claws you!
* * * LOW HITPOINT WARNING * * *
The troll claws you but does no damage.
Unknown command.
It was a potion of attraction.
You feel attractive to monsters. The troll bites you but does no damage.
The troll claws you but does no damage. x2
It was a potion of mutation.
You feel extremely strange.
Your feet thicken and deform.
You feel resistant to heat. The troll bites you but does no damage.
The troll claws you.
You die...

#.# #.# #.#
#.# #.# #.#
#.#
...######.#
#...cT♣..#
...######.#
#.# #.# #.#
#.# #.# ..#


You could see a troll and a centaur.

Vanquished Creatures
  Duvessa (D:4)
  A bullfrog (D:5)
  Dowan (D:4)
  2 hounds
  A bullfrog skeleton (D:5)
  Jessica (D:2)
  Terence (D:2)
  3 adders
  3 gnolls (D:2)
  2 dart slugs
  4 ball pythons
  6 endoplasms
  5 giant cockroaches
  2 goblins (D:1)
  2 hobgoblins (D:1)
  2 jackals (D:2)
  4 kobolds
  2 quokkas (D:1)
  3 bats
  2 frilled lizards
  5 rats
53 creatures vanquished.

Notes
Turn   | Place    | Note
-------+----------+-------------------------------------------
     0 | D:1      | Illumine the Formicid Wanderer began the quest for the Orb.
     0 | D:1      | Illumine set off with the following items: a +0 mace, a
                  | potion of lignification, a +2 scale mail
     0 | D:1      | Reached XP level 1. HP: 16/16 MP: 1/1
   173 | D:1      | Found a faded altar of an unknown god.
   231 | D:1      | Reached XP level 2. HP: 23/23 MP: 2/2
   688 | D:1      | Reached XP level 3. HP: 21/28 MP: 3/3
  1213 | D:2      | Reached XP level 4. HP: 26/34 MP: 4/4
  1373 | D:2      | Noticed Terence
  1387 | D:2      | Killed Terence
  1560 | D:2      | Noticed Jessica
  1565 | D:2      | Killed Jessica
  1566 | D:2      | Reached skill level 5 in Maces & Flails
  1566 | D:2      | Reached XP level 5. HP: 41/41 MP: 5/5
  1906 | D:2      | Noticed Sigmund
  2175 | D:3      | Found a shimmering altar of Xom.
  2267 | D:3      | Found a sacrificial altar of Ru.
  2283 | D:3      | Became a worshipper of Ru the Awakened
  2518 | D:3      | Found Mazxocva's Weapon Shoppe.
  3156 | D:4      | Reached XP level 6. HP: 28/48 MP: 6/6
  3371 | D:4      | Found Anaodoph's Armour Shop.
  3413 | D:4      | Noticed Duvessa
  3413 | D:4      | Noticed Dowan
  3442 | D:4      | Killed Duvessa
  3443 | D:4      | Reached skill level 6 in Maces & Flails
  3484 | D:4      | Killed Dowan
  3636 | D:4      | Noticed Menkaure
  3642 | D:4      | You fall into a shaft and drop 1 floor!
  3642 | D:5      | Entered Level 5 of the Dungeon
  3658 | D:5      | Reached XP level 7. HP: 43/54 MP: 7/7
  3933 | D:5      | Noticed a troll
  3951 | D:5      | HP: 1/82 [troll (7)]
  3953 | D:5      | Gained mutation: You have large cloven feet. [potion of
                  | mutation]
  3953 | D:5      | Gained mutation: Your flesh is heat resistant. (rF+)
                  | [potion of mutation]
  3953 | D:5      | Slain by a troll

Illustrated notes

Levels and vault maps discovered:
D:1:      dpeg_arrival_court, layout_loops_ring, basic_ecumenical_altar
D:2:      layout_basic, minmay_statues_item, uniq_jessica, uniq_terence,
          uniq_sigmund
D:3:      layout_loops_ring, xom_teletrap_fun, hangedman_ru_absence,
          serial_shops, nicolae_shop_waterfront, minivault_19, kennysheep_path_1
D:4:      layout_basic, nemelex_spade_bored_becter,
          nicolae_qazlal_scattered_showers, serial_shops, shop,
          chequers_serial_rivers_micro_c, mrwooster_statue_mirror, st_stairs_12,
          uniq_duvessa, uniq_menkaure
D:5:      layout_loops_ring, minmay_temple_entry_crystal_x, bh_walls_and_bars

Skill      XL: |  1  2  3  4  5  6 |
---------------+-------------------+-----
Fighting       | 3 4 |  4.4
Armour         | 3 4 |  4.3
Maces & Flails | 5 6 |  6.4
Throwing       | |  1.0
Stealth        | |  1.2

Action                   |  1- 3 |  4- 6 |  7- 9 || total
-------------------------+-------+-------+-------++-------
Melee: Mace              |    83 |   155 |    27 ||   265
Throw: Dart              |       |    10 |       ||    10
 Abil: Dig               |       |     1 |       ||     1
       Shaft Self        |       |     1 |       ||     1
  Use: Potion            |       |     1 |     3 ||     4
Armor: Scale mail        |    48 |    33 |       ||    81
       Plate armour      |       |    72 |     7 ||    79
       Skin              |       |       |    29 ||    29
Dodge: Dodged            |    30 |    68 |    10 ||   108
